 Dungeon Crawl Stone Soup version 0.32-a0-361-g289a535e89 (webtiles) character file.

Game seed: 614182498732063862

33268 Bobbunny the Grappler (level 13, -3/139 HPs)
             Began as a Troll Fighter on Feb 18, 2024.
             Was a High Priest of Jiyva.
             Killed by divine providence
             ... invoked by a meliai
              (11 damage)
             ... in a Gauntlet on Feb 19, 2024.
             The game lasted 00:16:50 (11878 turns).

Bobbunny the Grappler (Troll Fighter)              Turns: 11878, Time: 00:16:51

Health: -3/139     AC:  9    Str: 30    XL:     13   Next: 35%
Magic:  12/12      EV:  9    Int: 11    God:    Jiyva [*****.]
Gold:   553        SH: 14    Dex:  7    Spells: 12/12 levels left

rFire   . .          .
                       - Unarmed
rCold   + . .        b - +0 kite shield
rNeg    + . .        B - +0 steam dragon scales
rPois   +            (helmet restricted)
rElec   .            p - +0 cloak
rCorr   +            (gloves unavailable)
SInv    .            (boots unavailable)
Will    ++...        t - amulet of reflection
Stlth   +            F - ring of Liberalism {rN+ Will+}
HPRegen 2.67/turn    k - ring of protection from cold
MPRegen 0.85/turn

%: no teleportation, reflection
@: calling ooze
A: large, unfitting armour, claws 3, regeneration 1, shaggy fur 2, tough skin 1,
horns 1, clever 1, strong-willed 1, sense surroundings 3, poison resistance,
strong 1, jelly absorbing missiles
a: Renounce Religion, Oozemancy, Slimify


You were in a Gauntlet.
You worshipped Jiyva.
Jiyva was extremely pleased with you.
You visited 2 branches of the dungeon, and saw 15 of its levels.
You also visited: Sewer, Bailey and Gauntlet.

You collected 553 gold pieces.

Inventory:

Missiles
 a - 6 large rocks (quivered)
 e - 7 boomerangs
 f - 40 poisoned darts
 y - 3 curare-tipped darts
 J - 2 atropa-tipped darts
Armour
 b - a +0 kite shield (worn)
 p - a +0 cloak (worn)
 B - +0 steam dragon scales (worn)
Jewellery
 k - a ring of protection from cold (right claw)
 l - the ring "Roysch" {Fire rPois Dex+4 Slay-2}
   (You found it on level 7 of the Dungeon)

   [ring of fire]

   Fire:      It enhances your fire magic.
   Dex+4:     It affects your dexterity (+4).
   Slay-2:    It affects your accuracy & damage with ranged weapons and melee
   (-2).
   rF+:       It protects you from fire.
   rC-:       It makes you vulnerable to cold.
   rPois:     It protects you from poison
 t - an amulet of reflection (around neck)
 u - an amulet of regeneration
 A - a +6 ring of strength
 E - a ring of see invisible
 F - the ring of Liberalism (left claw) {rN+ Will+}
   (You found it in a Gauntlet)

   [ring of positive energy]

   rN+:       It protects you from negative energy.
   Will+:     It increases your willpower.
 I - a ring of flight
Talismans
 h - the granite talisman of Tenacity {rF+ Will+ Slay-5}
   (You found it on level 8 of the Dungeon)

   [granite talisman]

   Slay-5:    It affects your accuracy & damage with ranged weapons and melee
   (-5).
   rF+:       It protects you from fire.
   Will+:     It increases your willpower.
Wands
 j - a wand of paralysis (4)
 D - a wand of light (13)
Scrolls
 d - a scroll of brand weapon
 g - 5 scrolls of noise {unknown}
 n - a scroll of vulnerability
 q - 3 scrolls of blinking {unknown}
 r - 2 scrolls of enchant armour
 x - 7 scrolls of teleportation
 K - a scroll of immolation
Potions
 c - 2 potions of might
 i - 4 potions of curing
 m - 2 potions of degeneration
 o - 3 potions of mutation
 s - 2 potions of invisibility
 v - 4 potions of haste
 w - 3 potions of heal wounds
 z - a potion of magic
 C - a potion of berserk rage
 H - a potion of brilliance {unknown}


   Skills:
 + Level 11.6 Fighting
 - Level 10.0 Throwing
 - Level 2.4 Dodging
 - Level 7.0 Shields
 + Level 14.1 Unarmed Combat


You had 12 spell levels left.
You didn't know any spells.
Your spell library contained the following spells:

 Spells                   Type           Power      Damage    Failure   Level
 Foxfire                  Conj/Fire      0%         2x1d4     52%         1
 Sandblast                Erth           0%         2d4       52%         1
 Summon Small Mammal      Summ           0%         N/A       52%         1
 Cigotuvi's Dreadful Rot  Necr/Alch/Air  0%         N/A       65%         2
 Ensorcelled Hibernation  Hex/Ice        0%         N/A       65%         2
 Call Canine Familiar     Summ           0%         N/A       87%         3
 Frozen Ramparts          Ice            0%         1d1       87%         3
 Fugue of the Fallen      Necr           0%         N/A       87%         3
 Ozocubu's Armour         Ice            0%         N/A       87%         3
 Passwall                 Erth           0%         N/A       87%         3
 Swiftness                Air            0%         N/A       87%         3
 Animate Armour           Summ/Erth      0%         N/A       99%         4
 Ignite Poison            Fire/Alch      0%         N/A       99%         4
 Leda's Liquefaction      Alch/Erth      0%         N/A       99%         4
 Manifold Assault         Tloc           0%         N/A       99%         4
 Petrify                  Alch/Erth      0%         N/A       99%         4
 Summon Blazeheart Golem  Fire/Summ      0%         N/A       99%         4
 Borgnjor's Vile Clutch   Necr/Erth      0%         N/A       100%        5
 Freezing Cloud           Conj/Ice/Air   0%         6-21      100%        5
 Lee's Rapid Deconstruct  Erth           0%         3d4*      100%        5
 Metabolic Englaciation   Hex/Ice        0%         N/A       100%        5
 Bombard                  Conj/Erth      0%         9d1       100%        6
 Plasma Beam              Fire/Air       0%         2x1d10    100%        6
 Starburst                Conj/Fire      0%         6d3       100%        6


Dungeon Overview and Level Annotations

Branches:
Dungeon (12/15)            Temple (0/1) D:5            Lair (3/5) D:11
  Swamp (0/4) Lair:2       Spider (0/4) Lair:2          Orc (0/2) D:10
  Sewer (visited)          Bailey (visited)         Gauntlet (1/1)

Altars:
Ashenzari
Hepliaklqana
Makhleb
Okawaru
Qazlal
Ru
Uskayaw
Yredelemnul
Jiyva

Annotations:
Gauntlet 9 transporters, 3 runed translucent doors


Innate Abilities, Weirdness & Mutations

You are too large for most types of armour.
You have claws for hands.
Your natural rate of healing is unusually fast.
You are covered in thick fur. (AC +2)
You have tough skin. (AC +1)
You have a pair of small horns on your head.
Your mind is acute. (Int +4, Str/Dex -1)
You are strong-willed. (Will+)
You passively map a large area around you.
Your system is resistant to poisons. (rPois)
Your muscles are strong. (Str +4, Int/Dex -1)
You have a small jelly attached to you that may absorb projectiles.


Message History

The meliai hits you with a +2 hand axe of freezing!
The meliai freezes you. The meliai stings you.
You block the meliai's attack. x3
The meliai misses you. The meliai hits you with a +0 hand axe!
The meliai stings you but does no damage.
The meliai calls upon its god to heal the meliai.
The meliai's wounds heal themselves!
You mangle the meliai!! Your headbutt misses the meliai.
The meliai is almost dead.
The meliai hits you with a +0 hand axe! The meliai stings you!
* * * LOW HITPOINT WARNING * * *
The meliai barely misses you.
The meliai stings you but does no damage.
The meliai hits you but does no damage. You block the meliai's attack.
The meliai closely misses you. You block the meliai's attack.
The meliai hits you but does no damage. You block the meliai's attack.
The meliai hits you with a +2 hand axe of freezing!
* * * LOW HITPOINT WARNING * * *
The meliai barely misses you.
You closely miss the meliai.
The meliai is almost dead.
The meliai calls down the wrath of its god upon you.
Something smites you!
* * * LOW HITPOINT WARNING * * *
You block the meliai's attack. x2
The meliai hits you with a +2 hand axe of freezing.
* * * LOW HITPOINT WARNING * * *
The meliai freezes you.
* * * LOW HITPOINT WARNING * * *
The meliai stings you!
* * * LOW HITPOINT WARNING * * *
As you read the scroll of fear, it crumbles to dust.
You assume a fearsome visage.
The meliai looks frightened! x3
Cornered, the meliai turns to fight! x3
You miss the meliai.
The meliai is severely wounded.
You block the meliai's attack. x2
The meliai calls down the wrath of its god upon you.
Something smites you!
You die...
Jiyva sends a jelly to digest your remains.

...........###########...≈# *
...ß.....ß...............## ###
................ß.....ß.##
#...,*
#########...............≈##..# *
........#...#########...##...##
..###.^.#...#..ß#ß..#...#......
...#....#####...ß..)#...#.ß©.##
#.©#..#.#...#ß.ßyß..#...#....##,
######.©#©.©##ßy@.ß©#.ß.#.ß©...
#..#..#)#...#ß.ßyß.=#...#....##
...#....#####...ß..[#...#.ß©.##,
.^###.^.#...#..ß#ß..#...#......,
...^....#...#########...##...##
#########...............≈##..#*,
................ß.....ß.## #...,
...ß.....ß...............##*###
...........###########...§# *


You could see 3 meliai.

Vanquished Creatures
  3 entropy weavers (D:11)
  Fannar (D:10)
  2 ghost crabs (D:11)
  2 two-headed ogres
  A boulder beetle (D:11)
  The ghost of audacious124 the Basher, a novice MDFi of Beogh (D:7)
  4 fire crabs (D:11)
  An orange crystal statue (Gauntlet)
  An orc knight (Bailey)
  An oklob plant (D:11)
  A manticore (D:11)
  A cyclops (D:11)
  A black mamba (Lair:2)
  7 centaur zombies (D:10)
  An apocalypse crab (D:11)
  A torpor snail (Lair:2)
  4 rime drakes
  3 unseen horror zombies (D:10)
  3 cane toads (Lair:1)
  Jeremiah (D:9)
  2 komodo dragons
  A troll (D:11)
  A polar bear (Lair:1)
  2 tyrant leeches (Lair:2)
  A hornet (D:8)
  Grinder (D:3)
  3 dream sheep (Lair:2)
  Prince Ribbit (D:7)
  7 blink frogs
  A culicivora (Lair:2)
  4 jumping spiders (Lair:2)
  Sigmund (D:2)
  A shadow (D:11)
  A human (D:8)
  25 yaks
  A basilisk (Lair:1)
  4 hogs (D:8)
  2 wyverns
  An unseen horror simulacrum (D:7)
  Grum (D:9)
  A redback (Lair:2)
  Menkaure (D:7)
  2 steam dragons
  3 swamp worms (Lair:2)
  Duvessa (D:4)
  6 water moccasins
  2 black bears
  5 ice beasts
  A sky beast (D:7)
  6 orc warriors
  2 ogres (D:5)
  3 centaurs
  8 wolves
  7 kobold brigands
  2 brain worms (Sewer)
  5 bullfrogs
  A gnoll sergeant (D:11)
  7 scorpions
  16 wights
  16 killer bees
  An electric eel (D:6)
  4 howler monkeys
  3 hounds
  2 gnoll boudas
  6 orc priests
  A sleepcap (D:5)
  Crazy Yiuf (D:2)
  4 iguanas
  8 orc wizards
  A centaur simulacrum (D:7)
  A mummy (D:5)
  4 adders
  13 gnolls
  4 river rats (Sewer)
  4 white imps
  A ribbon worm (D:4)
  A dart slug (D:1)
  27 orcs
  8 endoplasms
  5 giant cockroaches
  9 goblins
  8 hobgoblins
  7 jackals
  3 quokkas
  4 ball pythons
  2 bats
  2 frilled lizards
  29 kobolds
  7 rats
366 creatures vanquished.

Vanquished Creatures (others)
  A cane toad (Lair:2)
  A yak (D:6)
  A steam dragon (D:6)
  A sky beast (D:8)
  A scorpion (D:4)
  Dowan (D:4)
  2 howler monkeys (D:8)
  24 jellies
  2 iguanas (D:4)
  A howler monkey zombie (D:10)
  A killer bee simulacrum (D:7)
  A shadow imp (D:6)
  A dart slug (D:4)
  An orc (D:5)
  A goblin (D:4)
  2 jackals (D:4)
  4 kobolds
  A spectral kobold (D:8)
47 creatures vanquished.

Grand Total: 413 creatures vanquished

Notes
Turn   | Place    | Note
-------+----------+-------------------------------------------
     0 | D:1      | Bobbunny the Troll Fighter began the quest for the Orb.
     0 | D:1      | Reached XP level 1. HP: 22/22 MP: 0/0
    37 | D:1      | Reached XP level 2. HP: 29/29 MP: 1/1
   174 | D:1      | Reached XP level 3. HP: 34/37 MP: 2/2
   261 | D:1      | Reached skill level 3 in Unarmed Combat
   608 | D:2      | Found a runed translucent door.
   609 | D:2      | Noticed Crazy Yiuf
   715 | D:2      | Noticed Sigmund
   737 | D:2      | Killed Sigmund
   738 | D:2      | Reached skill level 4 in Unarmed Combat
   738 | D:2      | Reached XP level 4. HP: 20/48 MP: 3/3
   738 | D:2      | Reached XP level 5. HP: 23/54 MP: 4/4
  1110 | D:2      | Killed Crazy Yiuf
  1111 | D:2      | Reached XP level 6. HP: 62/62 MP: 5/5
  1422 | D:3      | Found a faded altar of an unknown god.
  1510 | D:3      | Noticed Grinder
  1523 | D:3      | Paralysed by Grinder for 3 turns
  1538 | D:3      | Killed Grinder
  1539 | D:3      | Reached skill level 5 in Unarmed Combat
  1539 | D:3      | Reached XP level 7. HP: 43/71 MP: 6/6
  1921 | D:3      | Prayed at the altar of an unknown god.
  1921 | D:3      | Became a worshipper of Jiyva Juzydgh the Shapeless
  1921 | D:3      | Reached * piety under Jiyva
  2052 | D:4      | Reached ** piety under Jiyva
  2180 | D:4      | Reached skill level 5 in Fighting
  2182 | D:4      | Killed Dowan
  2228 | D:4      | Noticed Duvessa
  2246 | D:4      | Killed Duvessa
  2247 | D:4      | Reached skill level 6 in Unarmed Combat
  2414 | D:4      | Reached *** piety under Jiyva
  2414 | D:4      | Gained mutation: You have acidic saliva. [Jiyva's grace]
  2414 | D:4      | Gained mutation: Your muscles are strong. (Str +4, Int/Dex
                  | -1) [Jiyva's grace]
  2414 | D:4      | Gained mutation: Your muscles are very strong. (Str +8,
                  | Int/Dex -2) [Jiyva's grace]
  2414 | D:4      | Gained mutation: You have a pair of small antennae on your
                  | head. [Jiyva's grace]
  2432 | D:4      | Found an iron altar of Okawaru.
  2758 | D:5      | Entered Level 5 of the Dungeon
  2774 | D:5      | Reached XP level 8. HP: 82/83 MP: 7/7
  2915 | D:5      | Reached **** piety under Jiyva
  2929 | D:5      | Reached skill level 7 in Unarmed Combat
  2950 | D:5      | Found a glowing drain.
  2954 | Sewer    | Entered a sewer
  3589 | D:5      | Reached skill level 8 in Unarmed Combat
  3763 | D:5      | Found a staircase to the Ecumenical Temple.
  3834 | D:5      | Reached skill level 1 in Throwing
  3834 | D:5      | Reached XP level 9. HP: 93/93 MP: 8/8
  4076 | D:6      | Reached ***** piety under Jiyva
  4129 | D:6      | Lost mutation: You have a pair of small antennae on your
                  | head. [Jiyva's grace]
  4129 | D:6      | Lost mutation: Your muscles are very strong. (Str +8,
                  | Int/Dex -2) [Jiyva's grace]
  4129 | D:6      | Lost mutation: You have acidic saliva. [Jiyva's grace]
  4129 | D:6      | Gained mutation: Your system is resistant to poisons.
                  | (rPois) [Jiyva's grace]
  4129 | D:6      | Gained mutation: You are strong-willed. (Will+) [Jiyva's
                  | grace]
  4129 | D:6      | Gained mutation: You are highly strong-willed. (Will++)
                  | [Jiyva's grace]
  4129 | D:6      | Gained mutation: You are extremely strong-willed. (Will+++)
                  | [Jiyva's grace]
  4342 | D:6      | Found a broken altar of Ashenzari.
  4457 | D:6      | Found a hide-covered altar of Uskayaw.
  4471 | D:6      | Reached skill level 5 in Shields
  4674 | D:7      | Noticed Prince Ribbit
  4678 | D:7      | Killed Prince Ribbit
  4685 | D:7      | Noticed Menkaure
  4691 | D:7      | Killed Menkaure
  4707 | D:7      | Found a burning altar of Makhleb.
  4709 | D:7      | Found a stormy altar of Qazlal.
  4719 | D:7      | Reached skill level 9 in Unarmed Combat
  4786 | D:7      | Found a runed translucent gate.
  4804 | D:7      | Found a runed translucent gate.
  4804 | D:7      | Found a runed translucent gate.
  4883 | D:7      | Noticed audacious124's ghost (novice MDFi)
  5434 | D:8      | Reached XP level 10. HP: 74/104 MP: 9/9
  5579 | D:8      | Reached skill level 5 in Throwing
  5822 | D:8      | Found a hazy altar of Hepliaklqana.
  5999 | D:8      | Reached skill level 10 in Unarmed Combat
  6157 | D:8      | Identified the granite talisman of Tenacity {rF+ Will+
                  | Slay-5}
  6347 | D:9      | Lost mutation: You are extremely strong-willed. (Will+++)
                  | [Jiyva's grace]
  6347 | D:9      | Gained mutation: You have hidden genetic potential.
                  | [Jiyva's grace]
  6347 | D:9      | Gained mutation: You have great hidden genetic potential.
                  | [Jiyva's grace]
  6347 | D:9      | Gained mutation: You have sharp toenails. [Jiyva's grace]
  6347 | D:9      | Gained mutation: You have razor-sharp toenails. [Jiyva's
                  | grace]
  6358 | D:9      | Reached ****** piety under Jiyva
  6461 | D:7      | Killed audacious124's ghost
  6498 | D:7      | Got the ring "Roysch" {Fire rPois Dex+4 Slay-2}
  6681 | D:9      | Noticed Grum
  6743 | D:8      | Paralysed by a hornet for 2 turns
  6755 | D:8      | Reached XP level 11. HP: 34/115 MP: 10/10
  6800 | D:9      | Killed Grum
  6932 | D:9      | Noticed Jeremiah
  6961 | D:9      | Killed Jeremiah
  6989 | D:9      | Reached skill level 11 in Unarmed Combat
  7022 | D:9      | Noticed a two-headed ogre
  7033 | D:9      | Killed a two-headed ogre
  7106 | D:9      | Found a sacrificial altar of Ru.
  7320 | D:10     | Entered Level 10 of the Dungeon
  7320 | D:10     | Found a flagged portal.
  7330 | Bailey   | Entered a bailey
  7378 | Bailey   | Noticed an orc knight
  7388 | Bailey   | Killed an orc knight
  7408 | Bailey   | Found a large runed translucent door.
  7408 | Bailey   | Found a large runed translucent door.
  7409 | Bailey   | Noticed a deep elf pyromancer
  7415 | Bailey   | Gained mutation: You have a pair of small horns on your
                  | head. [hidden potential]
  7458 | Bailey   | Slimified a deep elf pyromancer
  7458 | Bailey   | a deep elf pyromancer changed into a slime creature
  7634 | D:10     | Noticed Fannar
  7645 | D:10     | Killed Fannar
  8123 | D:10     | Reached skill level 12 in Unarmed Combat
  8148 | D:10     | Found a basalt altar of Yredelemnul.
  8272 | D:10     | Found a staircase to the Orcish Mines.
  8289 | D:10     | Reached skill level 10 in Fighting
  8363 | D:11     | Noticed a two-headed ogre
  8368 | D:11     | Killed a two-headed ogre
  8369 | D:11     | Reached XP level 12. HP: 91/126 MP: 11/11
  8416 | D:11     | Lost mutation: You have razor-sharp toenails. [Jiyva's
                  | grace]
  8416 | D:11     | Lost mutation: You have sharp toenails. [Jiyva's grace]
  8416 | D:11     | Lost mutation: You are highly strong-willed. (Will++)
                  | [Jiyva's grace]
  8416 | D:11     | Lost mutation: You have great hidden genetic potential.
                  | [Jiyva's grace]
  8416 | D:11     | Lost mutation: You have hidden genetic potential. [Jiyva's
                  | grace]
  8416 | D:11     | Gained mutation: Your mind is acute. (Int +4, Str/Dex -1)
                  | [Jiyva's grace]
  8416 | D:11     | Gained mutation: Your mind is very acute. (Int +8, Str/Dex
                  | -2) [Jiyva's grace]
  8416 | D:11     | Gained mutation: You are covered in thick fur. (AC +2)
                  | [Jiyva's grace]
  8416 | D:11     | Gained mutation: Your thick and shaggy fur keeps you warm.
                  | (AC +3, rC+) [Jiyva's grace]
  8515 | D:11     | Found a staircase to the Lair.
  8742 | D:11     | Noticed a boulder beetle
  8758 | D:11     | Killed a boulder beetle
  8952 | D:11     | Found a runed translucent door.
  9320 | D:11     | Noticed an entropy weaver
  9334 | D:11     | Killed an entropy weaver
  9389 | D:11     | Reached skill level 13 in Unarmed Combat
  9414 | D:11     | Noticed an entropy weaver
  9426 | D:11     | Killed an entropy weaver
  9477 | D:11     | Noticed a ghost crab
  9478 | D:11     | Noticed an entropy weaver
  9482 | D:11     | Killed a ghost crab
  9484 | D:11     | Killed an entropy weaver
  9519 | D:11     | Noticed a ghost crab
  9526 | D:11     | Killed a ghost crab
  9566 | D:11     | Identified the +0 pair of gloves "Oqatudd" {Slay+3}
  9568 | D:11     | Got the Papyrus of Bedrock
  9799 | Lair:1   | Entered Level 1 of the Lair of Beasts
  9947 | Lair:1   | Lost mutation: Your mind is very acute. (Int +8, Str/Dex
                  | -2) [Jiyva's grace]
  9947 | Lair:1   | Lost mutation: Your thick and shaggy fur keeps you warm.
                  | (AC +3, rC+) [Jiyva's grace]
  9947 | Lair:1   | Gained mutation: You have a small jelly attached to you
                  | that may absorb projectiles. [Jiyva's grace]
  9947 | Lair:1   | Gained mutation: You passively map a small area around you.
                  | [Jiyva's grace]
  9947 | Lair:1   | Gained mutation: You passively map the area around you.
                  | [Jiyva's grace]
  9947 | Lair:1   | Gained mutation: You passively map a large area around you.
                  | [Jiyva's grace]
 10258 | Lair:1   | Reached XP level 13. HP: 129/137 MP: 12/12
 10650 | Lair:2   | Found a hole to the Spider Nest.
 10814 | Lair:2   | a ten-headed hydra changed into an azure jelly
 10814 | Lair:2   | Noticed an azure jelly
 11366 | Lair:2   | Reached skill level 14 in Unarmed Combat
 11393 | Lair:2   | Found a staircase to the Swamp.
 11616 | Lair:3   | Found a gate leading to a gauntlet.
 11647 | Gauntlet | Entered a Gauntlet
 11647 | Gauntlet | Found a transporter.
 11656 | Gauntlet | Found a transporter.
 11657 | Gauntlet | Found a transporter.
 11659 | Gauntlet | Found a transporter.
 11662 | Gauntlet | Found a transporter.
 11663 | Gauntlet | Found a transporter.
 11671 | Gauntlet | Found a transporter.
 11672 | Gauntlet | Found a transporter.
 11749 | Gauntlet | Found a transporter.
 11752 | Gauntlet | Found a runed translucent gate.
 11752 | Gauntlet | Found a runed translucent gate.
 11752 | Gauntlet | Found a runed translucent gate.
 11754 | Gauntlet | Found a transporter.
 11758 | Gauntlet | Found a transporter.
 11771 | Gauntlet | Noticed a reaper
 11777 | Gauntlet | Found a transporter.
 11857 | Gauntlet | Reached skill level 10 in Throwing
 11860 | Gauntlet | Identified the ring of Liberalism {rN+ Will+}
 11876 | Gauntlet | HP: 3/139 [meliai/+2 hand axe of freezing (9)]
 11878 | Gauntlet | Killed from afar by a meliai

Illustrated notes

Levels and vault maps discovered:
D:1:      dpeg_arrival_orchard, layout_rooms, minmay_misc_feat_room,
          minmay_pentomino_o4
D:2:      layout_rooms, uniq_sigmund, uniq_crazy_yiuf_cottage
D:3:      layout_loops_ring, chequers_ecumenical_altar_lobes, uniq_grinder
D:4:      layout_basic, kennysheep_mini, minmay_statues_item,
          small_statue_intersection, grunt_ministairs_12, uniq_duvessa
D:5:      layout_basic, minmay_temple_entry_statues_pillars,
          gup_sewer_entry_bowl, gup_ossuary_entry_pyramid
D:6:      layout_cave_pools, nicolae_uskayaw_dance_studio,
          kennysheep_little_box, kennysheep_diamond, chequers_arboretum
D:7:      layout_basic, nicolae_overflow_hidden_temple, gammafunk_ghost_icy,
          corner_web_ring, serial_bayou_pond_c, uniq_menkaure,
          uniq_prince_ribbit1
D:8:      layout_basic, nicolae_hepliaklqana_monster_ancestors, grunt_livestock
D:9:      layout_small_grid, mainiacjoe_overflow_alcove_4, uniq_jeremiah,
          uniq_grum
D:10:     nicolae_BIG_FREAKIN_CUBE, layout_basic,
          nicolae_yredelemnul_corpse_copse, david_orc_3, enter_bailey_2,
          uniq_fannar
D:11:     gammafunk_mikee_crab_dinner, layout_stronghold, dpeg_oklobed_lair,
          serial_column_ruins, column_ruins_circle_small, column_ruins_hut,
          column_ruins_open_large, column_ruins_corridor_corner,
          column_ruins_columns_corner, column_ruins_open_medium,
          column_ruins_grid_2, column_ruins_grid_1, column_ruins_open_medium
D:12:     layout_long_grid, serial_shops, shop, ebering_ghost_disaster_area
Lair:1:   layout_regular_city
Lair:2:   layout_regular_city, palyth_hydra_swamp_entry,
          nicolae_spider_entry_tight_spaces
Lair:3:   layout_cave_pods, gauntlet_entry_generic, st_stairs_13
Gauntlet: minmay_gauntlet_mixed_oops_all_seconds
          [minmay_gauntlet_arena_77_run_for_it, nicolae_gauntlet_arena_t_cross,
          minmay_gauntlet_arena_77_two_lines, gammafunk_gauntlet_arena_split_x,
          minmay_gauntlet_arena_77_terracotta_army,
          nicolae_gauntlet_arena_flowing_pool, gauntlet_exit_green]

Skill      XL: |  1  2  3  4  5  6  7  8  9 10 11 12 13 |
---------------+----------------------------------------+-----
Fighting       | 3 4 5 7 8 9 10 11 | 11.6
Unarmed Combat | 4 5 6 8 9 10 12 13 14 | 14.1
Shields        | 3 4 5 6 7 |  7.0
Throwing       | 1 4 6 7 9 10 | 10.0
Dodging        | |  2.4

Action                     |  1- 3 |  4- 6 |  7- 9 | 10-12 | 13-15 || total
---------------------------+-------+-------+-------+-------+-------++-------
  Melee: Unarmed           |    93 |    62 |   300 |   579 |   129 ||  1163
         Bite              |       |       |    19 |       |       ||    19
         Kick              |       |       |       |    77 |       ||    77
         Headbutt          |       |       |       |    50 |    20 ||    70
  Throw: Dart              |       |       |       |     7 |       ||     7
         Large rock        |       |       |       |     3 |       ||     3
 Invoke: Slimify           |       |       |       |     2 |     3 ||     5
         Oozemancy         |       |       |       |     2 |     1 ||     3
    Use: Scroll            |       |       |    15 |     4 |     2 ||    21
   Stab: Distracted        |       |       |       |     1 |       ||     1
 Armour: Robe              |    56 |    24 |   160 |       |       ||   240
         Steam dragon scal |       |       |    33 |   437 |   109 ||   579
  Dodge: Dodged            |    30 |    10 |    95 |   207 |    39 ||   381
  Block: Kite shield       |    33 |    19 |   175 |   467 |   100 ||   794
         Reflection        |       |       |     7 |     8 |     1 ||    16

Table legend: (Time is in decaauts)
 A = Elapsed time spent in this place.
 B = Non-inter-level travel time spent in this place.
 C = Inter-level travel time spent in this place.
 D = Time resting spent in this place.
 E = Time spent auto-exploring this place.
 F = Levels seen in this place.
 G = Mean time per level.
                   A        B        C        D        E       F      G
               +--------+--------+--------+--------+--------+-----+--------+
         Total |  11779 |  11017 |    762 |    382 |   8075 |  18 |  654.4 |
       Dungeon |   9015 |   8315 |    700 |    350 |   6260 |  12 |  751.2 |
          Lair |   1817 |   1755 |     62 |     32 |   1417 |   3 |  605.7 |
         Sewer |    541 |    541 |      0 |      0 |    380 |   1 |  541.0 |
        Bailey |    177 |    177 |      0 |      0 |     18 |   1 |  177.0 |
      Gauntlet |    227 |    227 |      0 |      0 |      0 |   1 |  227.0 |
               +--------+--------+--------+--------+--------+-----+--------+

Top non-repeatable levels by time:
    D:11: 1423 daAuts
     D:8: 1025 daAuts
  Lair:2: 946 daAuts
     D:7: 944 daAuts
    D:10: 842 daAuts
     D:3: 821 daAuts
  Lair:1: 799 daAuts
     D:4: 790 daAuts
     D:9: 738 daAuts
     D:2: 665 daAuts
     D:5: 640 daAuts
     D:6: 631 daAuts
   Sewer: 541 daAuts
     D:1: 489 daAuts
Gauntlet: 227 daAuts
